Cogmind - Beta 11 @@@ ROGUE MODE // 2022.03.18 @ 12:28:06 Player: Infomantis Result: Destroyed by Y-54 Guardian with Flak Gun Performance ------------- Evolutions (3) 1500 Regions Visited (6) 1200 Robots Destroyed (13) 65 Value Destroyed (606) 606 Prototype IDs (0) 0 Alien Tech Used (0) 0 Bonus (200) 200 TOTAL SCORE: 3571 Bonus ------- Entered Garrisons 200 Cogmind --------- Core Integrity 0/700 Matter 300/300 Energy 98/100 System Corruption 0% Temperature Cool (18) Movement Core (50) Location -7/Garrison Parts ------- > --- POWER (1) -------- (None) > --- PROPULSION (5) --- (None) > --- UTILITY (5) ------ Machine Analyzer Improved Signal Interpreter > --- WEAPON (2) ------- (None) > --- INVENTORY (5) ---- Light Nuclear Core Small Storage Unit Advanced ECM Suite Relay Coupler [Grunt] (29) Flak Gun Peak State ------------ > --- POWER ------------ Improved Ion Engine > --- PROPULSION ------- Advanced Treads Advanced Treads Medium Treads Carbon-fiber Leg Improved Carbon-fiber Leg > --- UTILITY ---------- Small Storage Unit Machine Analyzer Improved Sensor Array Improved Signal Interpreter Hardened Medium Armor Plating > --- WEAPON ----------- Heavy Assault Rifle Shotgun > --- INVENTORY -------- Light Nuclear Core Carbon-fiber Leg Improved Hover Unit Improved Hover Unit Improved Hover Unit Improved Sensor Array Improved Signal Interpreter Gauss Rifle [Rating: 38] Favorites ----------- Power Improved Ion Engine Engine Improved Ion Engine Propulsion Aluminum Leg Treads Advanced Treads Leg Aluminum Leg Hover Unit Improved Hover Unit Flight Unit Flight Unit Utility Small Storage Unit Device Sensor Array Storage Small Storage Unit Processor Improved Signal Interpreter Protection Hardened Medium Armor Plating Weapon Assault Rifle Energy Gun Field Laser Ballistic Gun Assault Rifle Build | -11 -10 -9 -9 -8 -7 -7 ------- Run | Scr Mat Mat Min Mat Fac Gar Slots Evolved 6 | . . 2 . 2 2 . Power . | . . . . . . . Propulsion 3 | . . 1 . 2 . . Utility 3 | . . 1 . . 2 . Weapon . | . . . . . . . Parts Attached 40 | 6 2 5 . 15 11 1 Power 4 | 1 1 1 . 1 . . Engine 4 | 1 1 1 . 1 . . Core . | . . . . . . . Reactor . | . . . . . . . Propulsion 17 | 2 . 2 . 7 5 1 Treads 4 | . . . . 3 1 . Leg 8 | 2 . 2 . 2 1 1 Wheel . | . . . . . . . Hover 3 | . . . . . 3 . Flight 2 | . . . . 2 . . Utility 11 | 1 1 1 . 4 4 . Device 5 | . 1 . . 1 3 . Storage 1 | 1 . . . . . . Processor 4 | . . 1 . 2 1 . Hackware . | . . . . . . . Protection 1 | . . . . 1 . . Artifact . | . . . . . . . Weapon 8 | 2 . 1 . 3 2 . Energy Gun 1 | . . . . . 1 . Energy Cannon . | . . . . . . . Ballistic Gun 7 | 2 . 1 . 3 1 . Ballistic Cannon . | . . . . . . . Launcher . | . . . . . . . Special Weapon . | . . . . . . . Impact Weapon . | . . . . . . . Slashing Weapon . | . . . . . . . Piercing Weapon . | . . . . . . . Special Melee Weapon . | . . . . . . . Unidentified Prototypes . | . . . . . . . Parts Lost 19 | . . . 1 3 8 7 Power 2 | . . . . 1 . 1 Propulsion 9 | . . . . 1 3 5 Utility 5 | . . . . 1 3 1 Weapon 3 | . . . 1 . 2 . Highest Loss Streak 7 | . . . 1 2 4 7 To Critical Strikes . | . . . . . . . Average Slot Usage (%) 89 | . 90 92 100 92 95 56 Engine 9 | . 14 11 11 8 7 3 Treads 6 | . . . . 7 17 . Leg 21 | . 28 28 33 26 12 3 Hover 3 | . . . . . 6 17 Flight 1 | . . . . 5 . . Device 7 | . 5 11 11 7 7 3 Storage 9 | . 14 11 11 9 7 5 Processor 9 | . . 7 11 9 15 15 Protection 1 | . . . . 1 4 . Ballistic Gun 18 | . 28 22 22 17 13 5 Naked Turns . | . . . . . . . Heaviest Build 27 | 14 14 13 13 26 27 17 Greatest Support 40 | 20 20 30 30 40 33 21 Greatest Overweight (x) 1 | . . . . . . 1 Average Overweight (x) . | . . . . . . . Largest Inventory Capacity 8 | 8 8 8 8 8 8 8 Average Capacity 7 | 7 8 8 8 8 8 7 Most Carried 8 | 7 8 8 8 8 8 8 Average Carried 7 | 4 7 7 8 7 6 6 Final Capacity 8 | 8 8 8 8 8 8 5 Final Carried 8 | 6 8 8 8 8 7 5 Class Distribution -------------------- 49% | Mutant 29% | Scavenger-Mutant 13% | Skirmisher 4% | Scout 3% | Scavenger-Skirmisher Dominant Class ---------------- Mutant | -10/Materials Mutant | -9/Materials Scavenger-Mutant | -9/Mines Scavenger-Mutant | -8/Materials Skirmisher | -7/Factory Mutant | -7/Garrison Resources | -11 -10 -9 -9 -8 -7 -7 ----------- Run | Scr Mat Mat Min Mat Fac Gar Matter Collected 849 | 203 97 170 . 209 168 2 Remotely . | . . . . . . . Salvage Created 563 | . 92 170 . 220 81 . Parts 44 | . 13 12 . 14 5 . Haulers Intercepted . | . . . . . . . Recyclers Shooed . | . . . . . . . Parts Field Recycled . | . . . . . . . Retrieved Matter . | . . . . . . . Parts Self-Destructed . | . . . . . . . Prevented . | . . . . . . . Kills | -11 -10 -9 -9 -8 -7 -7 ------- Run | Scr Mat Mat Min Mat Fac Gar Combat Hostiles Destroyed 11 | . 3 3 . 3 2 . Guns 11 | . 3 3 . 3 2 . Classes Destroyed 7 | . 3 . . 3 1 . Recycler 1 | . . . . 1 . . Watcher 2 | . 1 1 . . . . Swarmer 2 | . 2 . . . . . Grunt 4 | . 1 3 . . . . Sentry 3 | . . . . 2 1 . Hunter 1 | . . . . 1 . . Assembled 1 | . . . . . 1 . Best Kill Streak 3 | . 2 3 . 2 1 . Combat Bots Only 2 | . 2 2 . 1 1 . Max Kills in Single Turn 1 | . 1 1 . 1 1 . Gunslinging . | . . . . . . . Exploded . | . . . . . . . Melee . | . . . . . . . Uniques/NPCs Destroyed . | . . . . . . . Combat | -11 -10 -9 -9 -8 -7 -7 -------- Run | Scr Mat Mat Min Mat Fac Gar Damage Taken 3218 | . 193 241 69 306 1485 924 Core 892 | . 74 41 8 68 106 595 Absorbed by Shields 13 | . . . . . . 13 Core Remaining (%) 86 | 100 70 . 87 87 . . Volleys Fired 65 | . 13 13 . 19 15 5 Largest 2 | . 2 2 . 2 2 1 Hottest 51 | . 40 40 . 46 51 28 Shots Fired 116 | . 26 26 . 38 21 5 Gun 116 | . 26 26 . 38 21 5 Cannon . | . . . . . . . Launcher . | . . . . . . . Special . | . . . . . . . Kinetic 116 | . 26 26 . 38 21 5 Thermal . | . . . . . . . Explosive . | . . . . . . . Electromagnetic . | . . . . . . . Robot Hit Streak 10 | . 7 4 . 10 8 1 Robot Miss Streak 5 | . 2 5 . 3 4 2 Penetration Max 1 | . . . . . . 1 Secondary Targets 1 | . . 1 . . . . Max Gunslinging Chain 1 | . . 1 . . . . Shots Hit Robots 69 | . 16 14 . 24 14 1 Core Hits 34 | . 7 8 . 10 8 1 Critical Kills . | . . . . . . . Critical Parts Destroyed 1 | . . . . 1 . . Critical Strikes 1 | . . . . 1 . . Destroy 1 | . . . . 1 . . Melee Attacks . | . . . . . . . Impact . | . . . . . . . Slashing . | . . . . . . . Piercing . | . . . . . . . Sneak Attacks . | . . . . . . . Combat Hostiles . | . . . . . . . Follow-up Attacks . | . . . . . . . Damage Inflicted 1014 | . 216 187 . 279 263 69 Guns 974 | . 204 187 . 278 263 42 Cannons . | . . . . . . . Explosions . | . . . . . . . Melee . | . . . . . . . Ramming 40 | . 12 . . 1 . 27 Kinetic 974 | . 204 187 . 278 263 42 Thermal . | . . . . . . . Explosive . | . . . . . . . Electromagnetic . | . . . . . . . Impact . | . . . . . . . Slashing . | . . . . . . . Piercing . | . . . . . . . Highest Corruption . | . . . . . . . Average Corruption . | . . . . . . . Corruption Purged . | . . . . . . . Corruption Blocked . | . . . . . . . Overload Shots . | . . . . . . . Overflow Damage . | . . . . . . . Projectiles . | . . . . . . . Explosions . | . . . . . . . Melee . | . . . . . . . Knockbacks . | . . . . . . . Impact . | . . . . . . . Kinetic . | . . . . . . . Secondary . | . . . . . . . Self-Inflicted Damage 10 | . . . . . . 10 Shots . | . . . . . . . Rammed 13 | . . . . . . 13 Targets Rammed 16 | . 2 . . 1 . 13 Kicked 3 | . 2 . . 1 . . Crushed . | . . . . . . . Highest Temperature 16 | . . 7 . 16 7 3 Average Temperature 5 | . . 7 . 10 4 2 Received Heat Transfer 831 | . 60 129 . 72 120 450 Siege Activations . | . . . . . . . Robots Corrupted . | . . . . . . . Combat Hostiles . | . . . . . . . Parts Fried . | . . . . . . . Impact Corruptions . | . . . . . . . Robots Melted . | . . . . . . . Combat Hostiles . | . . . . . . . Parts Melted . | . . . . . . . Heat Transferred . | . . . . . . . Parts Sabotaged . | . . . . . . . Parts Stolen . | . . . . . . . Parts Stripped . | . . . . . . . Power Chain Reactions . | . . . . . . . Missiles Intercepted . | . . . . . . . Alert | -11 -10 -9 -9 -8 -7 -7 ------- Run | Scr Mat Mat Min Mat Fac Gar Peak Influence 188 | . 152 188 73 146 65 108 Initial 73 | . . 63 73 24 65 23 Average 77 | . 102 133 72 81 50 57 Maximum Alert Level . | . . . . . . . Low Security (%) 100 | 100 100 100 100 100 100 100 Level 1 . | . . . . . . . Level 2 . | . . . . . . . Level 3 . | . . . . . . . Level 4 . | . . . . . . . Level 5 . | . . . . . . . High Security . | . . . . . . . Max Security . | . . . . . . . Squads Dispatched 5 | . 2 1 . 1 1 . Investigation 1 | . 1 . . . . . Extermination . | . . . . . . . Reinforcement 3 | . 1 1 . 1 . . Assault . | . . . . . . . Garrison 1 | . . . . . 1 . Intercept . | . . . . . . . Searches Triggered . | . . . . . . . Construction Impeded . | . . . . . . . Haulers Reinforced . | . . . . . . . Active Scanning Responses . | . . . . . . . Cargo Convoy Interrupts . | . . . . . . . Stealth | -11 -10 -9 -9 -8 -7 -7 --------- Run | Scr Mat Mat Min Mat Fac Gar Distress Signals 1 | . . . . 1 . . Communications Jammed . | . . . . . . . Distress Signals . | . . . . . . . Times Spotted 65 | . 10 6 3 5 21 20 Peak Tracking Total 17 | . 3 3 3 3 11 17 Tactical Retreats 3 | . 1 . . . . 2 Traps | -11 -10 -9 -9 -8 -7 -7 ------- Run | Scr Mat Mat Min Mat Fac Gar Traps Triggered 6 | . 3 . . . 2 1 Indirectly . | . . . . . . . Trap Hack Attempts . | . . . . . . . Triggered . | . . . . . . . Disarmed . | . . . . . . . Reprogrammed . | . . . . . . . Reused . | . . . . . . . Traps Extracted . | . . . . . . . Installed . | . . . . . . . Triggered . | . . . . . . . Machines | -11 -10 -9 -9 -8 -7 -7 ---------- Run | Scr Mat Mat Min Mat Fac Gar Machines Disabled 1 | . . . . . . 1 Max in Single Turn 1 | . . . . . . 1 Garrison Relay 1 | . . . . . . 1 Machines Sabotaged . | . . . . . . . Garrisons Compromised . | . . . . . . . Overloaded Fab Kills . | . . . . . . . Hacking | -11 -10 -9 -9 -8 -7 -7 --------- Run | Scr Mat Mat Min Mat Fac Gar Machines Accessed 5 | . 1 1 . 2 1 . Terminals 4 | . 1 1 . 2 . . Fabricators . | . . . . . . . Repair Stations . | . . . . . . . Recycling Units . | . . . . . . . Scanalyzers . | . . . . . . . Garrison Access 1 | . . . . . 1 . Total Hacks 14 | . 3 2 . 8 1 . Successful 7 | . 1 1 . 4 1 . Failed 7 | . 2 1 . 4 . . Catastrophic 1 | . . 1 . . . . Database Lockouts . | . . . . . . . Manual 4 | . 1 1 . 2 . . Terminals 13 | . 3 2 . 8 . . Fabricators . | . . . . . . . Repair Stations . | . . . . . . . Recycling Units . | . . . . . . . Scanalyzers . | . . . . . . . Garrison Access 1 | . . . . . 1 . Terminal Hacks 3 | . 1 . . 2 . . Level Access Points 1 | . . . . 1 . . Alert Level 1 | . . . . 1 . . Locate Traps 1 | . 1 . . . . . Fabricator Hacks . | . . . . . . . Repair Station Hacks . | . . . . . . . Recycling Unit Hacks . | . . . . . . . Scanalyzer . | . . . . . . . Garrison Access Hacks 1 | . . . . . 1 . Unlock Access 1 | . . . . . 1 . Unauthorized Hacks 3 | . . 1 . 2 . . Terminals 3 | . . 1 . 2 . . Botnet 3 | . . 1 . 2 . . Fabricators . | . . . . . . . Repair Stations . | . . . . . . . Recycling Units . | . . . . . . . Scanalyzers . | . . . . . . . Garrison Access . | . . . . . . . Data Cores Recovered . | . . . . . . . Used . | . . . . . . . Hacking Detections 3 | . 1 1 . 1 . . Full Trace Events . | . . . . . . . Feedback Events . | . . . . . . . Feedback Blocked . | . . . . . . . Robot Schematics Acquired . | . . . . . . . Robots Built . | . . . . . . . Authchips . | . . . . . . . Time . | . . . . . . . Total Robot Build Rating . | . . . . . . . Part Schematics Acquired . | . . . . . . . Parts Built . | . . . . . . . Authchips . | . . . . . . . Time . | . . . . . . . Total Part Build Rating . | . . . . . . . Parts Repaired . | . . . . . . . Time . | . . . . . . . Parts Recycled . | . . . . . . . Recycled Matter . | . . . . . . . Retrieved Matter . | . . . . . . . Retrieved Components . | . . . . . . . Parts Scanalyzed . | . . . . . . . Part Schematics Acquired . | . . . . . . . Parts Damaged . | . . . . . . . Bothacking | -11 -10 -9 -9 -8 -7 -7 ------------ Run | Scr Mat Mat Min Mat Fac Gar Used RIF Installer . | . . . . . . . Robots Hacked . | . . . . . . . Non-combat . | . . . . . . . Combat . | . . . . . . . Robot Hacks Applied . | . . . . . . . Relay Couplers Released 4 | . . . . . . 4 Machine Destruction 4 | . . . . . . 4 Fabnet Peak Effective % . | . . . . . . . Robots Rewired . | . . . . . . . Allies Hacked . | . . . . . . . Hacks Repelled . | . . . . . . . Allies | -11 -10 -9 -9 -8 -7 -7 -------- Run | Scr Mat Mat Min Mat Fac Gar Total Allies . | . . . . . . . Largest Group . | . . . . . . . Highest-Rated Group . | . . . . . . . Highest-Rated Ally . | . . . . . . . Total Orders . | . . . . . . . Ally Attacks . | . . . . . . . Total Damage . | . . . . . . . Kills . | . . . . . . . Allies Corrupted . | . . . . . . . Allies Melted . | . . . . . . . Intel | -11 -10 -9 -9 -8 -7 -7 ------- Run | Scr Mat Mat Min Mat Fac Gar Robot Analysis Total . | . . . . . . . Derelict Logs Recovered . | . . . . . . . Drone Launches . | . . . . . . . Drone Recoveries . | . . . . . . . Exploration | -11 -10 -9 -9 -8 -7 -7 ------------- Run | Scr Mat Mat Min Mat Fac Gar Turns Passed 1337 | 65 271 153 33 364 316 135 Spaces Moved 988 | 49 183 87 28 219 253 169 Core 62 | 16 . . . . . 46 Treads . | . . . . . . . Legs 711 | 33 183 87 28 219 161 . Wheels . | . . . . . . . Hover 215 | . . . . . 92 123 Flight . | . . . . . . . Fastest Speed 50 | 50 120 120 120 120 62 50 Average Speed 103 | 97 120 120 120 120 102 57 Slowest Speed 120 | 120 120 120 120 120 120 120 Overloaded Moves . | . . . . . . . Propulsion Burnouts . | . . . . . . . Robots Hopped . | . . . . . . . Cave-ins Triggered . | . . . . . . . Exploration Rate (%) 19 | 3 41 13 13 27 7 29 Regions Visited 6 Branch Regions 1 Pre-discovered Areas . | . . . . . . . Known Exits Taken 2 | . . . . 1 1 . Unknown Exits Taken 4 | 1 1 1 1 . . . Scrap Searched . | . . . . . . . Spaces Dug . | . . . . . . . Terrain Destroyed . | . . . . . . . Melee . | . . . . . . . Projectile . | . . . . . . . AOE . | . . . . . . . Terrain Rammed . | . . . . . . . Walls Destroyed . | . . . . . . . Machines Disabled . | . . . . . . . Actions | -11 -10 -9 -9 -8 -7 -7 --------- Run | Scr Mat Mat Min Mat Fac Gar Total 1191 | 66 208 110 27 288 289 203 Wait 12 | . 2 1 . 8 1 . Move 981 | 48 183 86 27 218 252 167 Hop . | . . . . . . . Pick Up 37 | 12 4 2 . 11 7 1 Fast Attach 11 | . 2 1 . 8 . . Attach 19 | 6 . 1 . 3 8 1 Detach 2 | . . . . . 1 1 Swap 10 | . . 3 . 4 3 . Drop 28 | . 3 3 . 16 2 4 Fire 65 | . 13 13 . 19 15 5 Melee . | . . . . . . . Ram 13 | . . . . . . 13 Kick 2 | . 1 . . 1 . . Crush . | . . . . . . . Escape Stasis 11 | . . . . . . 11 Rewire . | . . . . . . . Trap . | . . . . . . . Miscellaneous . | . . . . . . . Route ------- -11/Scrapyard -10/Materials (discovered 2 exits: *Mat / [*Min]) -9/Materials -9/Mines -8/Materials (discovered 3 exits: *Fac x3) -7/Factory -7/Garrison (discovered 1 exit: *Fac) History --------- Turn | Location | Event 4 | -11/Scrapyard | Discovered new exit (range 15) 66 | -11/Scrapyard | Entered Materials 311 | -10/Materials | Build established: Mutant 324 | -10/Materials | Discovered new exit (range 11) 330 | -10/Materials | Discovered new exit (range 16) 337 | -10/Materials | Entered another Materials area 337 | -9/Materials | Evolved 2 slots: Propulsion x1, Utility x1 468 | -9/Materials | Discovered new exit (range 13) 490 | -9/Materials | Entered Mines 516 | -9/Mines | Discovered new exit (range 7) 523 | -9/Mines | Entered Materials 523 | -8/Materials | Evolved 2 slots: Propulsion x2 804 | -8/Materials | Build established: Scavenger-Mutant 806 | -8/Materials | Identified exit to Factory 887 | -8/Materials | Entered Factory 887 | -7/Factory | Evolved 2 slots: Utility x2 1053 | -7/Factory | Assembled infested ambush trap array 1144 | -7/Factory | Lost 4 parts (2n1u1w) 1164 | -7/Factory | Garrison activated, responded to threat 1197 | -7/Factory | Lost 3 parts (1n1u1w) 1198 | -7/Factory | Identified exit to Garrison 1203 | -7/Factory | Entered Garrison 1256 | -7/Garrison | Discovered new exit (range 10) 1276 | -7/Garrison | Identified exit to Factory 1276 | -7/Garrison | Attempted to access garrison exit controls, blocked by remote lockdown 1292 | -7/Garrison | Triggered checkpoint 1294 | -7/Garrison | Garrison Relay disabled 1310 | -7/Garrison | Core integrity fell below 50% 1333 | -7/Garrison | Core integrity fell below 20% 1333 | -7/Garrison | Triggered checkpoint 1338 | -7/Garrison | Destroyed by Y-54 Guardian with Flak Gun Last Messages --------------- Slammed into G-50 Soldier. Broken Imp. Hover Unit destroyed. Critical hit (Burn: +37). Slammed into G-47 Trooper. Imp. Hover Unit destroyed. Slammed into G-50 Soldier. Critical hit (Burn: +37). Dropped Gauss Rifle. Dropped Field Laser. Acquired 2 matter. Carbon-fiber Leg destroyed. Critical hit (Burn: +37). Dropped Imp. Light Armor Plating. Dropped Imp. Signal Interpreter. Slammed into G-50 Soldier. Destabilizing: System interference. Machine Analyzer temporarily disabled. Imp. Signal Interpreter temporarily disabled. Slammed into G-50 Soldier. Beams of light sweep through the air. An alarm sounds. Map ----- +----------------------------------------------------+ | ????????????????????????????????????????????????# | | ?????????######?????????????????????????????????# | | ?????????# #?????????????????????????????????# | | ?????????# < #?????????????????????????????????# | | ?????????# #?????????????????????????????????# | | ?????????### #?????????????????????????###?????# | | ???????????# #????????????????????????? ?????# | | ???????????# #?????????????????????????# #?????# | | ???????????# #?????????????????????????# #?????# | | ############ #?????????????????????????# #?????# | | ########??????????????????# #?????# | | +#####+##### #??????############# ####### | | #?????????# ^ #??????# | | #?????????######## #??????# | | #####????????????# #??????# ######### ######## | | #??????????# #??????# #???????# #??????? | | ######????????????# #??????# #???????# #??????? | | ??????????????????# #??????# #???????# #??????? | | ??????????????????# ######## #???????# #??????? | | ??????????????????# ## ## #???????# #??????? | | #????????????????## ## ## ##??????# #??????? | | #????????????????# ######## #??????? | | #????????????????# #??????? | | #????????????????# #??????? | | #????????????????# ## ## ###########??????? | | #????????????????# ## @ ## #????????????????? | | #??????????????? ???????????????? | | ???????????????# #??????????????? | | ???????????????# #??????????????? | | ???????????????# Y #??????????????? | | ???????????????### ## ## ###??????????????? | | ?????????????????# ## ## #????????????????? | | ???????????????? ? #????????????????? | | ??????????????? #????????????????? | | ??????????????#### #????????????????? | | ?????????????????## ##""""## #????????????????? | | ????????????????????????????# ?????????????????? | | ?????????????????????????????????????????????????? | | ?????????????????????????????????????????????????? | | ?????????????????????????????????????????????????? | | ?????????????????????????????????????????????????? | | ?????????????????????????????????????????????????? | | ?????????????????????????????????????????????????? | | ?????????????????????????????????????????????????? | | ?????????????????????????????????????????????????? | | ?????????????????????????????????????????????????? | | ?????????????????????????????????????????????????? | | ?????????????????????????????????????????????????? | | ?????????????????????????????????????????????????? | | ?????????????????????????????????????????????????? | +----------------------------------------------------+ Best States ------------- Heat Dissipation 34 Energy Generation 12 Energy Capacity 265 Matter Stores 300 Matter Capacity 300 Sight Range 18 Robot Scan Range 15 Terrain Scan Density 10 Armor Coverage 225 Evasion (%) 60 Item Schematics ----------------- None Robot Schematics ------------------ None Fabricated ------------ Nothing Alien Tech Used ----------------- None Achievements -------------- None Challenges ------------ None Game ------ Seed StructuralCoreModule Manual? 0 Play Time 00:27:40 Cumulative 57.7 hours Start 2022.03.18 @ 11:51:26 End 2022.03.18 @ 12:28:06 Sessions 1 Manual Loads 0 Difficulty Rogue Special Mode None Game No. 55 Rogue 46 Adventurer 6 Explorer 3 Win Type - Total 1 Types 1/0/0/0/0/0/0/0/0 Lore% 49 Gallery% 53 Achievement% 39 Wizard Run 0 Options --------- ASCII 0 Keyboard 0 Movement Numpad Keybinds 0 Fullscreen 1 Font 12/Fuzzy Map View 83x54 Tactical HUD 0 Map Filters NONE Filters NONE Steam 1 RUN: 36616303-973e-406e-8b07-3cb179b62e9d